 Dungeon Crawl Stone Soup version 0.22.1-2-g9c5b331383 (webtiles) character file.

10239 D1HalberdGnoll the Cleaver (level 11, -1/86 HPs)
             Began as a Gnoll Wanderer on Nov 16, 2018.
             Was a High Priest of Ru.
             Drowned by a water elemental (8 damage)
             ... summoned by the player character
             ... on level 1 of the Lair of Beasts.
             The game lasted 00:22:15 (14174 turns).

D1HalberdGnoll the Cleaver (Gnoll Wanderer)        Turns: 14174, Time: 00:22:15

Health: -1/86      AC: 18    Str: 18    XL:     11   Next: 59%
Magic:  20/20      EV:  9    Int: 17    God:    Ru [*****.]
Gold:   513        SH: 11    Dex: 16    Spells: 23/23 levels left

rFire    . . .     SeeInvis .   s - +1 broad axe
rCold    . . .     Gourm    .   b - +2 buckler {rPois}
rNeg     . . .     Faith    .   c - +0 plate armour
rPois    +         Spirit   .   l - +0 helmet (curse)
rElec    .         Reflect  +   u - +1 cloak
rCorr    .         Harm     .   D - +0 pair of gloves
MR       .....                  k - +0 pair of boots
Stlth    ..........             r - +3 amulet of reflection
HPRegen  0.24/turn              x - +4 ring of dexterity
MPRegen  0.17/turn              (no ring)

@: exhausted, engulfed (cannot breathe), drained, very slow
A: distributed training, fangs 1, clever 1, clumsy 1, subdued magic 1, hated by
all, no conjurations magic, no earth magic, no transmutations magic,
inexperienced 1, strong nose
a: Draw Out Power, Power Leap, Apocalypse, Renounce Religion


You were on level 1 of the Lair of Beasts.
You worshipped Ru.
Ru was extremely pleased with you.
You were near starving.

You visited 3 branches of the dungeon, and saw 13 of its levels.
You also visited: Sewer.

You collected 772 gold pieces.
You spent 259 gold pieces at shops.

Inventory:

Hand Weapons
 s - a +1 broad axe (weapon)
Missiles
 p - a throwing net
 v - 2 javelins
 A - 10 tomahawks of dispersal (quivered)
Armour
 b - a +2 buckler of poison resistance (worn)
 c - a +0 plate armour (worn)
 k - a +0 pair of boots (worn)
 l - a cursed +0 helmet (worn)
 u - a +1 cloak (worn)
 D - a +0 pair of gloves (worn)
Jewellery
 n - an uncursed ring of ice
 r - a +3 amulet of reflection (around neck)
 x - a +4 ring of dexterity (left hand)
Wands
 e - a wand of digging (7)
 o - a wand of clouds (6)
 B - a wand of flame (16)
Scrolls
 a - 2 scrolls of magic mapping
 g - 5 scrolls of teleportation
 j - 8 scrolls of fog
 q - 3 scrolls of blinking
 t - a scroll of identify
 y - a scroll of amnesia
Potions
 f - 5 potions of flight
 i - a potion of magic
 m - 3 potions of curing
 w - 2 potions of brilliance
 z - a potion of lignification
 C - a potion of mutation
 H - a potion of ambrosia
Miscellaneous
 E - a phial of floods (inert)
 F - a phantom mirror
Comestibles
 d - 12 rations


   Skills:
 + Level 8.0(7.6) Fighting
 + Level 6.5(6.1) Short Blades
 + Level 6.5(6.1) Long Blades
 + Level 9.3(8.9) Axes
 + Level 6.5(6.1) Maces & Flails
 + Level 7.0(6.7) Polearms
 + Level 6.5(6.1) Staves
 + Level 6.5(6.1) Slings
 + Level 6.5(6.1) Bows
 + Level 6.5(6.1) Crossbows
 + Level 6.5(6.1) Throwing
 + Level 6.5(6.1) Armour
 + Level 8.0(7.6) Dodging
 + Level 6.5(6.1) Stealth
 + Level 7.0(6.7) Shields
 + Level 6.5(6.1) Unarmed Combat
 + Level 6.5(6.1) Spellcasting
   Level 0.0 Conjurations
 + Level 5.4(5.0) Hexes
 + Level 5.4(5.0) Charms
 + Level 5.4(5.0) Summonings
 + Level 5.4(5.0) Necromancy
 + Level 5.4(5.0) Translocations
   Level 0.0 Transmutations
 + Level 5.4(5.0) Fire Magic
 + Level 5.4(5.0) Ice Magic
 + Level 5.4(5.0) Air Magic
   Level 0.0 Earth Magic
 + Level 5.4(5.0) Poison Magic
 + Level 7.1(6.7) Invocations
 + Level 7.0(6.7) Evocations


You had 23 spell levels left.
You didn't know any spells.
Your spell library contained the following spells:

 Spells                   Type           Power        Failure   Level  Hunger
 Beastly Appendage        Tmut           Unusable     N/A         1    N/A
 Sticks to Snakes         Tmut           Unusable     N/A         2    N/A
 Spider Form              Tmut/Pois      Unusable     N/A         3    N/A
 Ice Form                 Ice/Tmut       Unusable     N/A         4    N/A
 Blade Hands              Tmut           Unusable     N/A         5    N/A

Dungeon Overview and Level Annotations

Branches:
Dungeon (10/15)            Temple (1/1) D:6            Lair (2/6) D:9
    Orc (0/2) D:9
  Swamp: Lair:2-4    Shoals: Lair:2-4     Snake: Lair:2-4    Spider: Lair:2-4

Altars:
Ashenzari
Cheibriados
Dithmenos
Elyvilon
Fedhas
Gozag
Hepliaklqana
Kikubaaqudgha
Makhleb
Nemelex Xobeh
Okawaru
Qazlal
Ru
Sif Muna
Trog
Uskayaw
Vehumet
Wu Jian
Xom
Yredelemnul
Zin
The Shining One

Shops:
D:4 [

Annotations:
D:5 1 runed door, newuser's ghost, novice HOMo
D:6 exclusion: downstairs
D:8 exclusion: downstairs


Innate Abilities, Weirdness & Mutations

Your experience applies equally to all skills.
You have very sharp teeth.
You are clumsy. (Dex -2)
You are hated by all.
You cannot study or cast Conjurations magic.
You cannot study or cast Earth magic.
You cannot study or cast Transmutations magic.
You are somewhat inexperienced. (-2 XL)
Your uncanny sense of smell can sniff out nearby items.
Your mind is acute. (Int +2)
Your spells are a little easier to cast, but a little less powerful.


Message History

You closely miss the blink frog.
* * * LOW HITPOINT WARNING * * *
Your lungs strain for air!
The blink frog blinks!
The blink frog barely misses you. You block the water elemental's attack.
The blink frog begins to attack, but is stunned by your will!
You feel better.
* * * LOW HITPOINT WARNING * * *
Your lungs strain for air!
You focus your will and slow the water elemental in retribution!
The blink frog hits you!
* * * LOW HITPOINT WARNING * * *
The blink frog blinks!
You block the water elemental's attack.
You cannot read scrolls while unable to breathe!
Unknown command.
Okay, then.
Okay, then.
Okay, then.
You feel better.
You die...

##### ##...##
.#####.....#
...........P #####
#.<...# #.#.####....#.
#..#.......##
#.######ā‰ˆF..####..###
#..F@Eā‰ˆā‰ˆ.....#
#..##. #..##P###F...#
#..... #. ### ##.#.#
#..### #. #.#.###.###.
#. #.#.##.....# .# #.##
##.#......... .P #..#
#...#####.... ..####.##
##.## ##.ā€ .
........######.#
####...


You could see a water elemental and 3 blink frogs.

Vanquished Creatures
  Erolcha (D:10)
  A deep elf mage (D:7)
  A black mamba (Lair:1)
  Psyche (D:10)
  3 spiny frogs (Lair:1)
  A queen bee (D:8)
  A blink frog (Lair:1)
  3 hippogriffs
  9 yaks
  Grum (D:9)
  Eustachio (D:6)
  4 wargs (D:9)
  2 porcupines
  6 orc warriors
  2 sky beasts (D:7)
  2 wolves (D:9)
  2 black bears
  An eye of draining (D:10)
  A phantom (D:10)
  6 ogres
  4 centaurs
  4 crocodiles
  2 big kobolds
  Blork the orc (D:5)
  6 bullfrogs
  A water moccasin zombie (D:7)
  2 scorpions
  28 killer bees
  A water moccasin skeleton (D:9)
  3 howler monkeys (D:10)
  7 crimson imps
  A centaur skeleton (D:9)
  A hound (D:7)
  2 jellies
  12 orc wizards
  4 orc priests
  3 bullfrog skeletons
  6 iguanas
  7 worker ants
  A hound zombie (D:6)
  A mummy (D:7)
  2 hound skeletons
  4 gnolls
  14 adders
  A river rat (Sewer)
  A shadow imp (D:9)
  2 oozes (Sewer)
  5 worms (Sewer)
  4 dart slugs
  9 leopard geckos
  39 orcs
  3 giant cockroaches
  7 goblins
  5 hobgoblins
  A jackal (D:7)
  20 kobolds
  5 quokkas
  6 ball pythons
  6 bats
  5 frilled lizards
  2 leopard gecko zombies (D:5)
  2 quokka zombies
  4 rats
  A fungus (Lair:1)
294 creatures vanquished.

Vanquished Creatures (others)
  A killer bee (D:8)
  A bush (Lair:1)
  3 fungi (D:9)
  8 plants (D:8)
13 creatures vanquished.

Grand Total: 307 creatures vanquished

Notes
Turn   | Place    | Note
-------+----------+-------------------------------------------
     0 | D:1      | D1HalberdGnoll the Gnoll Wanderer began the quest for the
                  | Orb.
     0 | D:1      | D1HalberdGnoll set off with: a +2 hand axe, a +0 ring mail,
                  | a wand of random effects (15), a ration
     0 | D:1      | Reached XP level 1. HP: 20/20 MP: 2/2
   160 | D:1      | Reached XP level 2. HP: 22/26 MP: 3/3
   467 | D:1      | Reached XP level 3. HP: 31/31 MP: 4/4
   640 | D:2      | Reached skill level 1 in Invocations
   771 | D:2      | Reached skill level 1 in Short Blades
   771 | D:2      | Reached skill level 1 in Long Blades
   771 | D:2      | Reached skill level 1 in Maces & Flails
   771 | D:2      | Reached skill level 1 in Staves
   771 | D:2      | Reached skill level 1 in Slings
   771 | D:2      | Reached skill level 1 in Bows
   771 | D:2      | Reached skill level 1 in Crossbows
   771 | D:2      | Reached skill level 1 in Throwing
   771 | D:2      | Reached skill level 1 in Armour
   771 | D:2      | Reached skill level 1 in Stealth
   771 | D:2      | Reached skill level 1 in Unarmed Combat
   771 | D:2      | Reached skill level 1 in Spellcasting
   771 | D:2      | Reached XP level 4. HP: 38/38 MP: 4/6
  1003 | D:2      | Found a sparkling altar of Nemelex Xobeh.
  1003 | D:2      | Found an opulent altar of Gozag.
  1227 | D:3      | Reached skill level 1 in Conjurations
  1227 | D:3      | Reached skill level 1 in Hexes
  1227 | D:3      | Reached skill level 1 in Charms
  1227 | D:3      | Reached skill level 1 in Summonings
  1227 | D:3      | Reached skill level 1 in Necromancy
  1227 | D:3      | Reached skill level 1 in Translocations
  1227 | D:3      | Reached skill level 1 in Transmutations
  1227 | D:3      | Reached skill level 1 in Fire Magic
  1227 | D:3      | Reached skill level 1 in Ice Magic
  1227 | D:3      | Reached skill level 1 in Air Magic
  1227 | D:3      | Reached skill level 1 in Earth Magic
  1227 | D:3      | Reached skill level 1 in Poison Magic
  1412 | D:3      | Reached XP level 5. HP: 43/43 MP: 7/7
  1479 | D:3      | Found a sacrificial altar of Ru.
  1508 | D:3      | Became a worshipper of Ru the Awakened
  1544 | D:3      | Found a glowing drain.
  1550 | Sewer    | Entered a sewer
  2107 | Sewer    | Noticed a big kobold
  2129 | Sewer    | Killed a big kobold
  2129 | Sewer    | Reached XP level 6. HP: 40/50 MP: 8/8
  2955 | D:3      | Reached skill level 5 in Fighting
  2955 | D:3      | Reached skill level 5 in Dodging
  3429 | D:4      | Reached XP level 7. HP: 45/56 MP: 10/10
  3587 | D:4      | Found a glowing silver altar of Zin.
  3629 | D:4      | Found Amenise's Armour Shop.
  3677 | D:4      | Gained mutation: You are hated by all. [Ru sacrifice]
  3677 | D:4      | Reached * piety under Ru
  3678 | D:4      | Found a radiant altar of Vehumet.
  3678 | D:4      | Found a burning altar of Makhleb.
  3682 | D:4      | Found a shadowy altar of Dithmenos.
  3887 | D:4      | Found a white marble altar of Elyvilon.
  3923 | D:4      | Gained mutation: You are frail. (-10% HP) [potion of
                  | mutation]
  3923 | D:4      | Gained mutation: Your spells are a little harder to cast,
                  | but a little more powerful. [potion of mutation]
  3924 | D:4      | Lost mutation: You are frail. (-10% HP) [potion of
                  | mutation]
  3924 | D:4      | Lost mutation: Your spells are a little harder to cast, but
                  | a little more powerful. [potion of mutation]
  3924 | D:4      | Gained mutation: Your spells are a little easier to cast,
                  | but a little less powerful. [potion of mutation]
  3924 | D:4      | Gained mutation: Your mind is acute. (Int +2) [potion of
                  | mutation]
  3949 | D:5      | Entered Level 5 of the Dungeon
  3953 | D:5      | Reached skill level 7 in Axes
  4161 | D:5      | Found a runed door.
  4165 | D:5      | Noticed newuser's ghost (novice HOMo)
  4368 | D:4      | Bought a +2 buckler of poison resistance for 259 gold
                  | pieces
  4562 | D:5      | Noticed Blork the orc
  4574 | D:5      | Killed Blork the orc
  4911 | D:5      | Reached XP level 8. HP: 40/63 MP: 12/12
  5446 | D:6      | Found a staircase to the Ecumenical Temple.
  5547 | D:6      | Noticed Eustachio
  5586 | D:6      | Killed Eustachio
  6033 | D:6      | Found a bloodstained altar of Trog.
  6465 | Temple   | Entered the Ecumenical Temple
  6730 | D:7      | Gained mutation: You are somewhat inexperienced. (-2 XL)
                  | [Ru sacrifice]
  6730 | D:7      | Reached XP level 7. HP: 57/57 MP: 12/12
  6730 | D:7      | Reached XP level 6. HP: 52/52 MP: 11/11
  6730 | D:7      | Reached ** piety under Ru
  6730 | D:7      | Reached *** piety under Ru
  6744 | D:7      | Noticed a black bear
  6747 | D:7      | Killed a black bear
  6747 | D:7      | Reached XP level 7. HP: 58/58 MP: 12/12
  7330 | D:7      | Reached XP level 8. HP: 31/64 MP: 12/14
  7480 | D:7      | Reached skill level 5 in Polearms
  7480 | D:7      | Reached skill level 5 in Shields
  7480 | D:7      | Reached skill level 5 in Evocations
  8145 | D:7      | Noticed a deep elf mage
  8151 | D:7      | Noticed an ice devil
  8153 | D:7      | Noticed a tarantella
  8153 | D:7      | Noticed a redback
  8155 | D:7      | Killed a deep elf mage
  8155 | D:7      | Reached skill level 8 in Axes
  8155 | D:7      | Reached skill level 5 in Invocations
  8155 | D:7      | Reached XP level 9. HP: 56/71 MP: 15/15
  9119 | D:8      | Noticed a queen bee
  9144 | D:8      | Killed a queen bee
  9478 | D:8      | Reached skill level 5 in Short Blades
  9478 | D:8      | Reached skill level 5 in Long Blades
  9478 | D:8      | Reached skill level 5 in Maces & Flails
  9478 | D:8      | Reached skill level 5 in Staves
  9478 | D:8      | Reached skill level 5 in Slings
  9478 | D:8      | Reached skill level 5 in Bows
  9478 | D:8      | Reached skill level 5 in Crossbows
  9478 | D:8      | Reached skill level 5 in Throwing
  9478 | D:8      | Reached skill level 5 in Armour
  9478 | D:8      | Reached skill level 5 in Stealth
  9478 | D:8      | Reached skill level 5 in Unarmed Combat
  9478 | D:8      | Reached skill level 5 in Spellcasting
  9880 | D:8      | Found a hide-covered altar of Uskayaw.
  9880 | D:8      | Noticed a dagger
  9880 | D:8      | Noticed a dagger
  9995 | D:8      | Got a smoking robe
 10016 | D:8      | Gained mutation: You cannot study or cast Earth magic. [Ru
                  | sacrifice]
 10016 | D:8      | Gained mutation: You cannot study or cast Transmutations
                  | magic. [Ru sacrifice]
 10016 | D:8      | Gained mutation: You cannot study or cast Conjurations
                  | magic. [Ru sacrifice]
 10016 | D:8      | Reached **** piety under Ru
 10654 | D:8      | Reached XP level 10. HP: 73/77 MP: 17/17
 10816 | D:9      | Noticed Erolcha
 11519 | D:9      | Noticed Grum
 11536 | D:9      | Killed Grum
 11751 | D:9      | Found a bloodstained altar of Trog.
 11983 | D:9      | Found a staircase to the Orcish Mines.
 12016 | D:9      | Found a staircase to the Lair.
 12143 | D:10     | Entered Level 10 of the Dungeon
 12337 | D:10     | Killed Erolcha
 12337 | D:10     | Reached skill level 9 in Axes
 12337 | D:10     | Reached skill level 5 in Hexes
 12337 | D:10     | Reached skill level 5 in Charms
 12337 | D:10     | Reached skill level 5 in Summonings
 12337 | D:10     | Reached skill level 5 in Necromancy
 12337 | D:10     | Reached skill level 5 in Translocations
 12337 | D:10     | Reached skill level 5 in Fire Magic
 12337 | D:10     | Reached skill level 5 in Ice Magic
 12337 | D:10     | Reached skill level 5 in Air Magic
 12337 | D:10     | Reached skill level 5 in Poison Magic
 12337 | D:10     | Reached XP level 11. HP: 39/85 MP: 18/20
 12728 | D:10     | Noticed Psyche
 12739 | D:10     | Killed Psyche
 12843 | D:10     | Gained mutation: You are clumsy. (Dex -2) [Ru sacrifice]
 12843 | D:10     | Reached ***** piety under Ru
 13300 | Lair:1   | Entered Level 1 of the Lair of Beasts
 13957 | Lair:1   | You fall through a shaft!
 14170 | Lair:1   | HP: 4/86 [water elemental[the player character] (4)]
 14174 | Lair:1   | Drowned by a water elemental

Skill      XL: |  1  2  3  4  5  6  7  8  9 10 11 |
---------------+----------------------------------+-----
Invocations    | 1 2 3 5 6 7 |  7.1
Short Blades   | 1 2 4 3 5 6 |  6.5
Long Blades    | 1 2 4 3 5 6 |  6.5
Maces & Flails | 1 2 4 3 5 6 |  6.5
Staves         | 1 2 4 3 5 6 |  6.5
Slings         | 1 2 4 3 5 6 |  6.5
Bows           | 1 2 4 3 5 6 |  6.5
Crossbows      | 1 2 4 3 5 6 |  6.5
Throwing       | 1 2 4 3 5 6 |  6.5
Armour         | 1 2 4 3 5 6 |  6.5
Stealth        | 1 2 4 3 5 6 |  6.5
Unarmed Combat | 1 2 4 3 5 6 |  6.5
Spellcasting   | 1 2 4 3 5 6 |  6.5
Conjurations   | 1 2 3 0 |  0.0
Hexes          | 1 2 3 4 5 |  5.4
Charms         | 1 2 3 4 5 |  5.4
Summonings     | 1 2 3 4 5 |  5.4
Necromancy     | 1 2 3 4 5 |  5.4
Translocations | 1 2 3 4 5 |  5.4
Transmutations | 1 2 3 0 |  0.0
Fire Magic     | 1 2 3 4 5 |  5.4
Ice Magic      | 1 2 3 4 5 |  5.4
Air Magic      | 1 2 3 4 5 |  5.4
Earth Magic    | 1 2 3 0 |  0.0
Poison Magic   | 1 2 3 4 5 |  5.4
Polearms       | 3 5 6 7 |  7.0
Shields        | 3 5 6 7 |  7.0
Evocations     | 3 5 6 7 |  7.0
Fighting       | 6 7 8 |  8.0
Dodging        | 6 7 8 |  8.0
Axes           | 7 8 9 |  9.3

Action                   |  1- 3 |  4- 6 |  7- 9 | 10-12 || total
-------------------------+-------+-------+-------+-------++-------
Melee: Hand axe          |    60 |    36 |       |       ||    96
       Bite              |     3 |    21 |    54 |    65 ||   143
       War axe           |       |   225 |       |       ||   225
       Punch             |       |     2 |       |       ||     2
       Broad axe         |       |    22 |   526 |   473 ||  1021
Invok: Sacrifice Experie |       |     1 |       |       ||     1
       Sacrifice Love    |       |       |     1 |       ||     1
       Draw Out Power    |       |       |     2 |     4 ||     6
       Sacrifice Arcana  |       |       |     1 |       ||     1
       Sacrifice Purity  |       |       |       |     1 ||     1
Evoke: Wand              |     5 |     4 |     6 |     3 ||    18
       Phial of floods   |       |       |       |     1 ||     1
  Use: Scroll            |       |    10 |     6 |     6 ||    22
       Potion            |       |     4 |     6 |     4 ||    14
 Stab: Paralysed         |     1 |       |       |       ||     1
       Invisible         |       |       |     4 |     1 ||     5
       Distracted        |       |       |     1 |     5 ||     6
  Eat: Chunk             |       |     9 |    12 |     8 ||    29
       Ration            |       |       |     3 |     1 ||     4
Armor: Ring mail         |    13 |    78 |       |       ||    91
       Chain mail        |       |    22 |   116 |       ||   138
       Plate armour      |       |       |   151 |   228 ||   379
Dodge: Dodged            |    36 |   151 |   207 |   142 ||   536
Block: Buckler           |       |       |   182 |   247 ||   429
       Reflection        |       |       |       |     4 ||     4
